 Dungeon Crawl Stone Soup version 0.23.2 (webtiles) character file.

Game seed: 7269323567884801934

1112 Borgoz the Cutter (level 8, -2/65 (66) HPs)
             Began as a Ghoul Gladiator on Apr 4, 2019.
             Slain by an elf zombie (7 damage)
             ... in an ossuary.
             The game lasted 00:08:32 (5389 turns).

Borgoz the Cutter (Ghoul Gladiator)                 Turns: 5389, Time: 00:08:33

HP:   -2/65 (66)    AC:  5    Str: 18    XL:     8   Next: 33%
MP:   7/7           EV: 14    Int:  4    God:
Gold: 275           SH:  0    Dex: 11    Spells: 7/7 levels left

rFire    . . .     SeeInvis .   a - +0 rapier
rCold    + + .     Gourm    .   (no shield)
rNeg     + + +     Faith    .   v - +0 leather armour {rC+}
rPois    ∞         Spirit   .   c - +1 helmet
rElec    .         Reflect  .   (no cloak)
rCorr    .         Harm     .   (no gloves)
MR       .....                  (no boots)
Stlth    ++........             (no amulet)
HPRegen  0.00/turn              (no ring)
MPRegen  0.10/turn              (no ring)

@: rotting
A: rotting body, claws 1, carnivore, cold resistance 1, negative energy
resistance 3, inhibited regeneration, torment resistance, unbreathing
a: no special abilities


You were in an ossuary.
You were not hungry.

You visited 2 branches of the dungeon, and saw 7 of its levels.
You also visited: Ossuary.

You collected 275 gold pieces.

Inventory:

Hand Weapons
 a - a +0 rapier (weapon)
 w - a +2 vampiric short sword
Missiles
 d - 2 throwing nets (quivered)
 r - 9 javelins
Armour
 c - a +1 helmet (worn)
 v - a +0 leather armour of cold resistance (worn)
Wands
 q - a wand of random effects (41)
 y - a wand of iceblast (6)
Scrolls
 k - a scroll of teleportation
 l - a scroll of amnesia {unknown}
 m - 3 scrolls of enchant weapon {unknown}
 n - 4 scrolls of blinking
 s - a scroll of enchant armour
 u - 2 scrolls of remove curse
Potions
 b - 2 potions of ambrosia
 e - 4 potions of brilliance
 g - 2 potions of cancellation {unknown}
 i - a potion of lignification {unknown}
 j - 3 potions of agility {unknown}
 o - 3 potions of magic
 p - 2 potions of curing
 t - 3 potions of might
 x - 3 potions of haste
 z - a potion of degeneration {unknown}
 A - a potion of mutation {unknown}
 B - a potion of invisibility {unknown}
Comestibles
 f - 12 rations


   Skills:
 + Level 4.1 Fighting
 * Level 5.1 Short Blades
 - Level 1.7 Throwing
 * Level 4.2 Armour
 * Level 5.1 Dodging
 + Level 3.9 Stealth


You had 7 spell levels left.
You didn't know any spells.
Your spell library was empty.

Dungeon Overview and Level Annotations

Branches:
Dungeon (6/15)             Temple (1/1) D:5

Altars:
Cheibriados
Elyvilon
Fedhas
Gozag
Hepliaklqana
Kikubaaqudgha
Makhleb
Okawaru
Qazlal
Sif Muna
Trog
Uskayaw
Vehumet
Xom
Zin
The Shining One


Innate Abilities, Weirdness & Mutations

Your body is rotting away.
You thrive on raw meat.
You are immune to poison.
You have sharp fingernails.
You are carnivorous and can eat meat at any time.
Your flesh is cold resistant. (rC+)
You are immune to negative energy. (rN+++)
You do not regenerate when monsters are visible.
You are immune to unholy pain and torment.
You can survive without breathing.


Message History

Okay, then.
You puncture the elf zombie!
The elf zombie is severely damaged.
You hit the elf zombie.
The elf zombie is severely damaged.
The elf zombie struggles against the net.
You hit the elf zombie.
The elf zombie is severely damaged.
The elf zombie struggles against the net.
You hit the elf zombie.
The elf zombie is almost destroyed.
You strike the helpless elf zombie from behind!
You puncture the elf zombie!
The elf zombie is almost destroyed.
The elf zombie struggles against the net.
The net rips apart, and the elf zombie comes free!
You barely miss the elf zombie.
The elf zombie is almost destroyed.
The elf zombie hits you!
You die...

#'# ###.### #####
##.....## ##...##
#.......# #.....#
##...∩...###.....##
+...∩∩∩...'.......#
##...∩...###.....##
#.......# #.....#
##..@..## ##...##
###Z### ##### #'#
###.### #.....#
#Z......# #.......#
#.......# ##.....##


You could see an elf zombie.

Vanquished Creatures
  An ogre (D:4)
  A centaur (D:5)
  An elf zombie (Ossuary)
  3 scorpions
  An oklob sapling (D:5)
  2 vampire bats (D:5)
  2 centaur zombies (Ossuary)
  2 jellies (D:5)
  3 human zombies (Ossuary)
  Ijyb (D:4)
  2 orc wizards (D:5)
  2 worker ants (D:5)
  2 mummies (Ossuary)
  A worker ant zombie (D:5)
  6 adders
  8 gnolls
  An ooze (D:2)
  An adder skeleton (D:4)
  2 worms
  5 dart slugs
  8 orcs
  4 bat skeletons (D:5)
  3 bat zombies (D:5)
  6 giant cockroaches
  6 goblins
  3 hobgoblins
  9 jackals
  6 kobolds
  4 quokkas
  9 bats
  3 frilled lizards
  2 rats
  2 plants (D:5)
112 creatures vanquished.

Vanquished Creatures (others)
  A quokka (D:5)
  A plant (D:5)
2 creatures vanquished.

Grand Total: 114 creatures vanquished

Notes
Turn   | Place    | Note
-------+----------+-------------------------------------------
     0 | D:1      | Borgoz the Ghoul Gladiator began the quest for the Orb.
     0 | D:1      | Reached XP level 1. HP: 17/17 MP: 0/0
    75 | D:1      | Reached XP level 2. HP: 22/24 MP: 1/1
  1013 | D:2      | Reached skill level 1 in Armour
  1013 | D:2      | Reached XP level 3. HP: 30/30 MP: 2/2
  1057 | D:2      | Reached skill level 1 in Stealth
  1184 | D:2      | Reached XP level 4. HP: 33/37 MP: 3/3
  1224 | D:2      | You fall through a shaft!
  1602 | D:3      | Found an opulent altar of Gozag.
  1702 | D:3      | Found a burning altar of Makhleb.
  2032 | D:4      | Reached XP level 5. HP: 28/42 MP: 4/4
  2118 | D:4      | Noticed an ogre
  2121 | D:4      | Killed an ogre
  2121 | D:4      | Reached XP level 6. HP: 43/51 MP: 5/5
  2286 | D:4      | Noticed Ijyb
  2309 | D:4      | Killed Ijyb
  2352 | D:4      | Found a bloodstained altar of Trog.
  2443 | D:4      | Found a stormy altar of Qazlal.
  2732 | D:5      | Entered Level 5 of the Dungeon
  2930 | D:5      | Reached XP level 7. HP: 24/57 MP: 6/6
  3405 | D:5      | Found a radiant altar of Vehumet.
  3595 | D:5      | Found a staircase to the Ecumenical Temple.
  3850 | Temple   | Entered the Ecumenical Temple
  4117 | D:5      | Found a white marble altar of Elyvilon.
  4541 | D:5      | Found an ancient bone altar of Kikubaaqudgha.
  4573 | D:5      | Reached XP level 8. HP: 52/66 MP: 7/7
  4667 | D:5      | Found a glowing golden altar of the Shining One.
  4839 | D:6      | Found a sand-covered staircase.
  4847 | Ossuary  | Entered an ossuary
  5099 | Ossuary  | Reached skill level 5 in Dodging
  5344 | Ossuary  | Reached skill level 5 in Short Blades
  5389 | Ossuary  | Slain by an elf zombie

Skill      XL: |  1  2  3  4  5  6  7  8 |
---------------+-------------------------+-----
Dodging        | 3 4 5 |  5.1
Short Blades   | 3 4 5 |  5.1
Armour         | 1 2 3 4 |  4.2
Stealth        | 1 2 3 |  3.9
Fighting       | 3 4 |  4.1
Throwing       | |  1.7

Action                   |  1- 3 |  4- 6 |  7- 9 || total
-------------------------+-------+-------+-------++-------
Melee: Rapier            |   114 |   184 |   449 ||   747
Throw: Throwing net      |       |     1 |     4 ||     5
Evoke: Wand              |       |     2 |     1 ||     3
  Use: Potion            |       |     5 |     4 ||     9
       Scroll            |       |    10 |     4 ||    14
 Stab: Sleeping          |       |     4 |     1 ||     5
       Held in net/web   |       |       |     3 ||     3
  Eat: Chunk             |     9 |    18 |    14 ||    41
Armor: Leather armour    |    58 |    41 |    78 ||   177
Dodge: Dodged            |    73 |   125 |   192 ||   390
